 Dungeon Crawl Stone Soup version 0.31-a0-705-ga145531891 (webtiles) character file.

Game seed: 8288014643023659537

450 pokeman the Magician (level 6, -1/34 HPs)
             Began as a Deep Elf Hedge Wizard on Sept 9, 2023.
             Slain by Grinder (6 damage)
             ... on level 4 of the Dungeon.
             The game lasted 00:06:39 (4228 turns).

pokeman the Magician (Deep Elf Hedge Wizard)        Turns: 4228, Time: 00:06:39

Health: -1/34      AC:  4    Str:  7    XL:     6   Next: 74%
Magic:  15/18      EV: 13    Int: 21    God:
Gold:   161        SH:  0    Dex: 14    Spells: 11/19 levels left

rFire   . . .        t - +4 mace
rCold   . . .        (no shield)
rNeg    . . .        b - +0 robe
rPois   .            c - +0 hat
rElec   .            (no cloak)
rCorr   +            q - +0 pair of gloves
SInv    .            g - +0 pair of boots
Will    .....        r - amulet of the acrobat
Stlth   +++          l - ring of resist corrosion
HPRegen 0.25/turn    (no ring)
MPRegen 0.16/turn

%: acrobat
@: no status effects
A: no striking features
a: no special abilities


You were on level 4 of the Dungeon.
You visited 1 branch of the dungeon, and saw 4 of its levels.

You collected 161 gold pieces.

Inventory:

Hand Weapons
 t - a +4 mace (weapon)
Missiles
 e - 4 curare-tipped darts
Armour
 b - a +0 robe (worn)
 c - a +0 hat (worn)
 g - a +0 pair of boots (worn)
 q - a +0 pair of gloves (worn)
Jewellery
 l - a ring of resist corrosion (left hand)
 r - an amulet of the acrobat (around neck)
Scrolls
 f - 2 scrolls of fear {unknown}
 j - 2 scrolls of immolation {unknown}
 k - a scroll of identify {unknown}
 m - a scroll of poison {unknown}
 n - a scroll of amnesia {unknown}
 o - 2 scrolls of teleportation {unknown}
 p - a scroll of revelation {unknown}
 s - a scroll of torment {unknown}
Potions
 d - 4 potions of magic
 h - 3 potions of curing {unknown}
 i - 2 potions of lignification {unknown}


   Skills:
 + Level 1.2 Fighting
 - Level 1.0 Armour
 - Level 3.1 Dodging
 - Level 4.0 Stealth
 * Level 7.4 Spellcasting
 + Level 3.4 Conjurations
 - Level 1.1 Summonings
 - Level 1.1 Translocations
 - Level 1.0 Air Magic
 - Level 1.0 Poison Magic


You had 11 spell levels left.
You knew the following spells:

 Your Spells              Type           Power      Damage    Failure   Level
a - Magic Dart            Conj           88%        1d7       1%          1
b - Mephitic Cloud        Conj/Pois/Air  15%        N/A       12%         3
c - Call Imp              Summ           24%        N/A       9%          2
d - Blink                 Tloc           24%        N/A       9%          2

Your spell library contained the following spells:

 Spells                   Type           Power      Damage    Failure   Level
 Momentum Strike          Conj/Tloc      34%        3d8       4%          2
 Summon Small Mammal      Summ           48%        N/A       5%          1
 Slow                     Hex            28%        N/A       9%          1
 Lesser Beckoning         Tloc           24%        N/A       9%          2
 Cigotuvi's Dreadful Rot  Necr/Pois/Air  20%        N/A       10%         2
 Call Canine Familiar     Summ           12%        N/A       16%         3
 Summon Guardian Golem    Hex/Summ       10%        N/A       21%         3


Dungeon Overview and Level Annotations

Branches:
Dungeon (4/15)
 Temple: D:4-7

Altars:
Ashenzari

Annotations:
D:4 Grinder


Message History

Aiming: Magic Dart (safe; 1% risk of failure)
Press: ? - help, Shift-Dir - straight line, f/p - Grinder
Aim: Grinder (100% to hit)
The magic dart hits Grinder but does no damage.
Casting: Magic Dart (safe; 1% risk of failure)
Confirm with . or Enter, or press ? or * to list all spells.
Aiming: Magic Dart (safe; 1% risk of failure)
Press: ? - help, Shift-Dir - straight line, f/p - Grinder
Aim: Grinder (100% to hit)
The magic dart hits Grinder.
Grinder is lightly wounded.
Grinder gestures at you.
You struggle to resist.
You see here a +0 chain mail.
Grinder gestures at you. Pain shoots through your body!
You see here a +0 dagger.
Casting: Magic Dart (safe; 1% risk of failure)
Confirm with . or Enter, or press ? or * to list all spells.
A tiny devil pulls itself out of the air.
Grinder gestures at you.
You struggle to resist.
Items here: ( ))) [[ †.
Your cerulean imp barely misses Grinder.
You closely miss Grinder.
Grinder is lightly wounded.
Your cerulean imp closely misses Grinder.
Grinder hits you.
You writhe in agony.
Your cerulean imp hits Grinder with a -3 spear.
You closely miss Grinder.
Grinder is lightly wounded.
Grinder hits you!
* * * LOW HITPOINT WARNING * * *
You writhe in agony.
* * * LOW HITPOINT WARNING * * *
Your cerulean imp misses Grinder.
Grinder hits you.
* * * LOW HITPOINT WARNING * * *
You writhe in agony.
You die...
Grinder says, "Now the real fun starts!"

#..†...### #####.##.#.#
######........#.##
#......###.#.....#
#......###.#.#...##
#......##........#. # #
#........[......... #.#.#.
#......###.#.#.#.#.
#.....##.@..............##
#...†.)55....###.#.#.###
#...##[###...........# #.
#.# #.#####.#.### #5# #.#
#.#.# ### #.. ... .# ...
.!.##.# ## ##.##.# ..<###
.##.. ......


You could see Grinder (ally target) and a friendly cerulean imp (summoned).

Vanquished Creatures
  An ogre (D:3)
  A phantom (D:4)
  2 hounds (D:4)
  Jessica (D:3)
  An iguana (D:3)
  2 adders (D:2)
  7 gnolls (D:4)
  A dart slug (D:4)
  7 orcs
  9 ball pythons
  4 bats
  6 endoplasms
  2 giant cockroaches (D:1)
  7 goblins
  8 hobgoblins
  12 jackals (D:2)
  6 kobolds
  2 quokkas
  6 frilled lizards
  7 rats
92 creatures vanquished.

Notes
Turn   | Place    | Note
-------+----------+-------------------------------------------
     0 | D:1      | pokeman the Deep Elf Hedge Wizard began the quest for the
                  | Orb.
     0 | D:1      | Reached XP level 1. HP: 10/10 MP: 7/7
   318 | D:1      | Reached XP level 2. HP: 12/16 MP: 1/9
  1278 | D:2      | Reached skill level 5 in Spellcasting
  1354 | D:2      | Reached XP level 3. HP: 16/20 MP: 6/11
  1365 | D:2      | Learned a level 3 spell: Mephitic Cloud
  1368 | D:2      | Learned a level 2 spell: Call Imp
  1371 | D:2      | Learned a level 2 spell: Blink
  1772 | D:2      | Found a broken altar of Ashenzari.
  1886 | D:2      | Reached skill level 1 in Armour
  1932 | D:2      | Reached skill level 1 in Fighting
  2110 | D:2      | Reached XP level 4. HP: 25/25 MP: 9/13
  2743 | D:3      | Noticed Jessica
  2745 | D:3      | Killed Jessica
  3018 | D:3      | Noticed an ogre
  3035 | D:3      | Killed an ogre
  3036 | D:3      | Reached skill level 6 in Spellcasting
  3036 | D:3      | Reached XP level 5. HP: 29/29 MP: 5/15
  3406 | D:4      | Reached XP level 6. HP: 32/34 MP: 8/17
  3545 | D:4      | Reached skill level 1 in Air Magic
  3703 | D:4      | Reached skill level 7 in Spellcasting
  4003 | D:4      | Reached skill level 1 in Poison Magic
  4212 | D:4      | Noticed Grinder
  4213 | D:4      | Paralysed by Grinder for 4 turns
  4228 | D:4      | Slain by Grinder

Illustrated notes

Levels and vault maps discovered:
D:1:      lightli_arrival_maybe_door_vault, layout_basic, minmay_pentomino_t4
D:2:      cheibrodos_helix_gallery, layout_basic, basic_altar, nrook_campfire
D:3:      layout_basic, uniq_jessica
D:4:      layout_loops_cross, uniq_grinder

Skill      XL: |  1  2  3  4  5  6 |
---------------+-------------------+-----
Spellcasting   | 5 6 7 |  7.4
Armour         | 1 |  1.0
Fighting       | 1 |  1.2
Conjurations   | 2 3 |  3.4
Dodging        | 3 |  3.1
Stealth        | 3 4 |  4.0
Air Magic      | 1 |  1.0
Poison Magic   | 1 |  1.0
Summonings     | |  1.1
Translocations | |  1.1

Action                     |  1- 3 |  4- 6 || total
---------------------------+-------+-------++-------
  Melee: Dagger            |    36 |    44 ||    80
         Punch             |     1 |     2 ||     3
         Mace              |       |     2 ||     2
   Cast: Magic Dart        |   105 |   132 ||   237
         Mephitic Cloud    |       |     5 ||     5
         Call Imp          |       |     1 ||     1
   Stab: Confused          |       |     2 ||     2
 Armour: Robe              |    25 |    30 ||    55
  Dodge: Dodged            |    44 |    45 ||    89

Table legend: (Time is in decaauts)
 A = Elapsed time spent in this place.
 B = Non-inter-level travel time spent in this place.
 C = Inter-level travel time spent in this place.
 D = Time resting spent in this place.
 E = Time spent auto-exploring this place.
 F = Levels seen in this place.
 G = Mean time per level.
                   A        B        C        D        E       F      G
               +--------+--------+--------+--------+--------+-----+--------+
         Total |   4229 |   4149 |     80 |     34 |   3547 |   4 | 1057.2 |
       Dungeon |   4229 |   4149 |     80 |     34 |   3547 |   4 | 1057.2 |
               +--------+--------+--------+--------+--------+-----+--------+

Top non-repeatable levels by time:
     D:1: 1197 daAuts
     D:2: 1165 daAuts
     D:3: 1020 daAuts
     D:4: 845 daAuts
